 Dungeon Sprint DCSS version 0.31-a0-640-g39d97e502b (webtiles) character file.

Game seed: 18393331300526841948

8 Revguard the Changeling (level 2, -7/26 HPs)
             Began as a Draconian Shapeshifter on Aug 28, 2023.
             Was an Initiate of Jiyva.
             Mangled by a red draconian
             ... wielding a +0 battleaxe
              (20 damage)
             ... in the Dungeon (Sprint V: "Ziggurat Sprint").
             The game lasted 00:01:20 (56 turns).

Revguard the Changeling (Draconian Shapeshifter)      Turns: 56, Time: 00:01:21

Health: -7/26      AC:  4    Str: 22    XL:     2   Next: 0%
Magic:  2/2        EV: 13    Int: 10    God:    Jiyva [......]
Gold:   0          SH:  0    Dex: 16    Spells: 1/1 levels left

rFire   . .          .
                       - Unarmed
rCold   . . .        (no shield)
rNeg    . . .        (body armour unavailable)
rPois   .            (helmet currently unavailable)
rElec   .            (cloak currently unavailable)
rCorr   .            (gloves currently unavailable)
SInv    .            (boots currently unavailable)
Will    .....        (no amulet)
Stlth   +            z - +6 ring of strength
HPRegen 0.24/turn    v - +6 ring of dexterity
MPRegen 0.08/turn

%: no teleportation
@: beast-form, invisible
A: beast (slay +2), AC +4, unfitting armour, cold-blooded
a: Begin Untransformation, Renounce Religion


You were in the Dungeon.
You worshipped Jiyva.
Jiyva was noncommittal.
You were a hulking beast.
You visited 1 branch

Inventory:

Jewellery
 u - a ring of flight
 v - a +6 ring of dexterity (right hand)
 w - a +6 ring of dexterity
 x - a +6 ring of intelligence
 y - a +6 ring of intelligence
 z - a +6 ring of strength (left hand)
 A - a +6 ring of strength
Talismans
 b - a beast talisman (active)
 c - a flux talisman
 B - a blade talisman
 C - a maw talisman
 D - a serpent talisman
Wands
 s - a wand of mindburst (7)
 t - a wand of acid (7)
Scrolls
 i - 4 scrolls of blinking
 o - 4 scrolls of amnesia
 p - 7 scrolls of fog
 q - 5 scrolls of identify
 r - 2 scrolls of fear
Potions
 a - a potion of lignification
 d - 10 potions of curing
 e - 10 potions of heal wounds
 f - 6 potions of haste
 g - 7 potions of magic
 h - 3 potions of berserk rage
 j - 2 potions of brilliance
 k - a potion of invisibility
 l - 4 potions of resistance
 n - 5 potions of might


   Skills:
 + Level 3.3 Fighting
 + Level 3.2 Dodging
 + Level 4.2 Unarmed Combat
 + Level 2.6 Evocations
 * Level 4.9 Shapeshifting


You had one spell level left.
You didn't know any spells.
Your spell library was empty.

Dungeon Overview and Level Annotations

Branches:
Dungeon (1/1)

Altars:
Ashenzari
Cheibriados
Dithmenos
Elyvilon
Fedhas
Gozag
Hepliaklqana
Kikubaaqudgha
Makhleb
Nemelex Xobeh
Okawaru
Qazlal
Ru
Sif Muna
Trog
Uskayaw
Vehumet
Wu Jian
Xom
Yredelemnul
Zin
The Shining One
Jiyva
Lugonu

Annotations:
D 1 transporter


Innate Abilities, Weirdness & Mutations

You are a hulking beast.
Your limbs bulge with bestial killing power. (Slay +2)
Your plain brown scales are hard. (AC +4)
You cannot fit into any form of body armour.
You are cold-blooded and may be slowed by cold attacks.


Message History

Items here: )))))))))).
Okay, then.
There is a viscous altar of Jiyva here.
You kneel at the altar of Jiyva.
Jiyva welcomes you!
You hear a distant slurping noise. x3
You hear a distant slurping noise. x3
You hear a distant slurping noise. x3
You hear a distant slurping noise.
You feel stronger.
z - a +6 ring of strength (left hand)
You feel agile.
v - a +6 ring of dexterity (right hand)
You hear a distant slurping noise.
You begin transforming.
You continue transforming. x3
Your transformation has ended.
You turn into an enormous anaconda.
HP restored.
You begin transforming.
You continue transforming. x3
Your transformation has ended.
You turn into a hulking beast.
There is a transporter here.
Welcome to arena 1.
You enter the transporter and appear at another place.
A red draconian and a draconian come into view.
The red draconian roars!
The draconian roars!
Found two items.
Found a transporter.
Okay, then.
You feel more experienced!
Your Fighting skill gained 2 levels and is now at level 3!
Your Dodging skill gained 2 levels and is now at level 3!
Your Unarmed Combat skill increases to level 4!
Your Evocations skill gained 2 levels and is now at level 2!
Your Shapeshifting skill increases to level 4!
You have reached level 2!
You fade into invisibility!
The draconian hits you with a +0 dagger!
Ouch! That really hurt!
The red draconian hits you with a +0 battleaxe!!
Ouch! That really hurt!
You die...

▓▓▓▓▓▓▓
▓.8©8.▓
▓.....▓
▓.=.}.▓
▓.....▓
▓.dd..▓
▓..h..▓
▓▓▓▓▓▓▓


You could see a red draconian (unable to see you) and a draconian (unable to see
you).

Vanquished Creatures (others)
  the Royal Jelly (D)
  Dissolution (D)
  Xtahua (D)
  Frederick (D)
  6 acid blobs (D)
  Ilsuiw (D)
  4 azure jellies (D)
  5 rockslimes (D)
  5 quicksilver oozes (D)
  Sonja (D)
  Joseph (D)
  Eustachio (D)
  Jessica (D)
  Ijyb (D)
30 creatures vanquished.

Notes
Turn   | Place    | Note
-------+----------+-------------------------------------------
     0 | D        | Revguard the Draconian Shapeshifter began the quest for the
                  | Orb.
     0 | D        | Reached XP level 1. HP: 16/16 MP: 1/1
     0 | D        | Found a blossoming altar of Fedhas.
     0 | D        | Found the +6 Majin-Bo {spellvamp, MP+6 Int+6}
     0 | D        | Found the +27 heavy crossbow "Sniper" {heavy, Acc+∞ SInv}
     0 | D        | Found the +10 dark maul {heavy}
     0 | D        | Found the +15 Maxwell's patent armour {-Cast -Tele rElec
                  | Will+ rCorr}
     0 | D        | Found the +18 shield of the Gong {Loud rN+ Will+ rCorr
                  | EV-5}
     0 | D        | Found the +16 obsidian axe {drain, demonic, Mesm Drain Fly
                  | SInv}
     0 | D        | Found the +7 great mace "Firestarter" {flame, immolate,
                  | rFlCloud rF++}
     0 | D        | Found the +6 shillelagh "Devastator" {shatter}
     0 | D        | Found the +11 plutonium sword {Contam Stlth-}
     0 | D        | Found the +8 lance "Wyrmbane" {slay drac, rPois rF+ rC+
                  | AC+3}
     0 | D        | Found the +9 sword of Zonguldrok {reap}
     0 | D        | Found the +13 scythe of Curses {drain, curses, Drain}
     0 | D        | Found the +9 sword of Power {lifebolt}
     0 | D        | Found the +7 mace of Variability {chaos, chaos arc}
     0 | D        | Found the +11 Singing Sword {sonic wave}
     0 | D        | Found the +8 storm bow {elec, penet}
     1 | D        | Found a shimmering blue altar of Sif Muna.
     1 | D        | Found a sacrificial altar of Ru.
     1 | D        | Found a bloodstained altar of Trog.
     1 | D        | Found a stormy altar of Qazlal.
     1 | D        | Found an iron altar of Okawaru.
     1 | D        | Found a sparkling altar of Nemelex Xobeh.
     3 | D        | Found a transporter.
     3 | D        | Found an ancient bone altar of Kikubaaqudgha.
     3 | D        | Found a viscous altar of Jiyva.
     3 | D        | Found a corrupted altar of Lugonu.
     3 | D        | Found a hazy altar of Hepliaklqana.
     3 | D        | Found a burning altar of Makhleb.
     3 | D        | Found an opulent altar of Gozag.
    29 | D        | Became a worshipper of Jiyva Jied the Shapeless
    29 | D        | Killed Sonja
    29 | D        | Killed Eustachio
    30 | D        | Killed Joseph
    31 | D        | Killed an azure jelly
    31 | D        | Killed Xtahua
    31 | D        | Killed Jessica
    31 | D        | Killed Ijyb
    33 | D        | Killed Dissolution
    33 | D        | Killed an acid blob
    34 | D        | Killed an acid blob
    34 | D        | Killed a quicksilver ooze
    36 | D        | Killed Frederick
    36 | D        | Killed a rockslime
    37 | D        | Killed a rockslime
    37 | D        | Killed a quicksilver ooze
    38 | D        | Killed an acid blob
    38 | D        | Killed the Royal Jelly
    38 | D        | Killed a quicksilver ooze
    38 | D        | Killed a rockslime
    38 | D        | Killed an acid blob
    39 | D        | Killed an azure jelly
    39 | D        | Killed an acid blob
    39 | D        | Killed an azure jelly
    40 | D        | Killed an acid blob
    40 | D        | Killed Ilsuiw
    40 | D        | Killed a quicksilver ooze
    41 | D        | Killed an azure jelly
    41 | D        | Killed a quicksilver ooze
    42 | D        | Killed a rockslime
    43 | D        | Killed a rockslime
    54 | D        | Entered arena 2.
    54 | D        | Noticed a red draconian
    54 | D        | Noticed a draconian
    54 | D        | Found a transporter.
    55 | D        | Reached XP level 2. HP: 26/26 MP: 2/2
    56 | D        | Mangled by a red draconian

Illustrated notes

Levels and vault maps discovered:
D:        sprint_v [room_start, room_1, room_2, room_3, room_4, room_5, room_6,
          room_7, room_8, room_9, room_10, room_11, room_12, room_13, room_14,
          room_15, room_16, room_17, room_18, room_19, room_20, room_21,
          room_22, room_23, room_24, room_25, room_26, room_27]

Skill      XL: |  1 |
---------------+----+-----
Fighting       | 3 |  3.3
Dodging        | 3 |  3.2
Unarmed Combat | 4 |  4.2
Evocations     | 2 |  2.6
Shapeshifting  | 4 |  4.9

Action                     || total
---------------------------++-------
    Use: Potion            ||     2
   Form: Anaconda          ||     1
         Beast             ||     1

Table legend: (Time is in decaauts)
 A = Elapsed time spent in this place.
 B = Non-inter-level travel time spent in this place.
 C = Inter-level travel time spent in this place.
 D = Time resting spent in this place.
 E = Time spent auto-exploring this place.
 F = Levels seen in this place.
 G = Mean time per level.
                   A        B        C        D        E       F      G
               +--------+--------+--------+--------+--------+-----+--------+
         Total |     55 |     55 |      0 |      0 |      0 |   1 |   55.0 |
       Dungeon |     55 |     55 |      0 |      0 |      0 |   1 |   55.0 |
               +--------+--------+--------+--------+--------+-----+--------+

Top non-repeatable levels by time:
       D: 55 daAuts
